 Dungeon Crawl Stone Soup version 0.31.0-11-ge490571c62 (webtiles) character file.

Game seed: 16078635548167120981

5683 Bobbunny the Fighter (level 10, -2/100 HPs)
             Began as a Minotaur Fighter on Feb 3, 2024.
             Was an Elder of Qazlal.
             Slain by a meliai
             ... wielding a +0 war axe
              (4 damage)
             ... on level 9 of the Dungeon.
             The game lasted 00:05:07 (6272 turns).

Bobbunny the Fighter (Minotaur Fighter)             Turns: 6272, Time: 00:05:07

Health: -2/100     AC: 11    Str: 26    XL:     10   Next: 47%
Magic:  9/9        EV: 10    Int:  5    God:    Qazlal [****..]
Gold:   509        SH:  9    Dex:  9    Spells: 9/9 levels left

rFire   + . .        q - +6 shillelagh "Devastator" {shatter}
rCold   . . .        c - +0 buckler
rNeg    . . .        D - +3 ring mail "Reseceo" {rF+ SInv}
rPois   .            (helmet restricted)
rElec   .            (no cloak)
rCorr   .            m - +0 pair of gloves
SInv    +            n - +0 pair of boots
Will    .....        B - amulet of regeneration Stlth
                     (no ring)
HPRegen 1.16/turn    (no ring)
MPRegen 0.11/turn

%: repel missiles
@: about to teleport
A: horns 2, retaliatory headbutt
a: Renounce Religion, Upheaval, Elemental Force


You were on level 9 of the Dungeon.
You worshipped Qazlal.
Qazlal was greatly pleased with you.
You visited 1 branch of the dungeon, and saw 9 of its levels.

You collected 509 gold pieces.

Inventory:

Hand Weapons
 q - the +6 shillelagh "Devastator" (weapon) {shatter}
   (You found it on level 2 of the Dungeon)
Missiles
 f - 8 poisoned darts (quivered)
 E - a boomerang
Armour
 c - a +0 buckler (worn)
 m - a +0 pair of gloves (worn)
 n - a +0 pair of boots (worn)
 D - the +3 ring mail "Reseceo" (worn) {rF+ SInv}
   (You found it on level 8 of the Dungeon)

   rF+:       It protects you from fire.
   SInv:      It lets you see invisible.
Jewellery
 B - an amulet of regeneration (around neck)
Wands
 a - a wand of roots (6)
Scrolls
 b - 2 scrolls of amnesia {unknown}
 e - 7 scrolls of teleportation
 g - 5 scrolls of identify
 l - 3 scrolls of enchant weapon {unknown}
 r - a scroll of enchant armour {unknown}
 t - a scroll of torment {unknown}
 v - 2 scrolls of silence {unknown}
 w - 2 scrolls of fog {unknown}
 x - 2 scrolls of summoning {unknown}
 y - 2 scrolls of noise {unknown}
 A - a scroll of revelation {unknown}
 C - a scroll of vulnerability {unknown}
Potions
 d - 2 potions of might
 h - 2 potions of brilliance {unknown}
 i - a potion of degeneration {unknown}
 j - a potion of curing
 k - 2 potions of attraction {unknown}
 o - a potion of ambrosia {unknown}
 p - 2 potions of heal wounds {unknown}
 s - a potion of mutation {unknown}
 u - a potion of enlightenment {unknown}
 z - 2 potions of cancellation {unknown}


   Skills:
 + Level 12.6 Fighting
 - Level 5.1(8.8) Axes
 + Level 11.2(11.7) Maces & Flails
 - Level 6.0 Throwing
 - Level 3.6 Armour
 - Level 3.6 Shields
 + Level 1.2 Invocations


You had 9 spell levels left.
You didn't know any spells.
Your spell library contained the following spells:

 Spells                   Type           Power      Damage    Failure   Level
 Blink                    Tloc           0%         N/A       80%         2
 Lesser Beckoning         Tloc           0%         N/A       80%         2
 Momentum Strike          Conj/Tloc      0%         3d8       80%         2
 Static Discharge         Conj/Air       0%         3-3/arc   80%         2
 Fugue of the Fallen      Necr           0%         N/A       95%         3
 Ozocubu's Armour         Ice            0%         N/A       95%         3
 Summon Ice Beast         Ice/Summ       0%         N/A       95%         3
 Airstrike                Air            0%         2d(0-16)  100%        4
 Manifold Assault         Tloc           0%         N/A       100%        4
 Summon Lightning Spire   Summ/Air       0%         N/A       100%        4
 Summon Mana Viper        Hex/Summ       0%         N/A       100%        5
 Monstrous Menagerie      Summ           0%         N/A       100%        7


Dungeon Overview and Level Annotations

Branches:
Dungeon (9/15)             Temple (0/1) D:7
   Lair: D:8-11         Orc: D:9-12

Altars:
Ashenzari
Hepliaklqana
Qazlal
Ru
Sif Muna
Trog
Vehumet

Shops:
D:5 [

Annotations:
D:6 exclusion: statue


Innate Abilities, Weirdness & Mutations

You have a pair of horns on your head.
You reflexively headbutt those who attack you in melee.


Message History

The meliai is lightly wounded.
The meliai mumbles some strange prayers to its god against you.
Something smites you! The meliai hits you with a +0 war axe.
The meliai stings you.
You are poisoned.
The meliai poisons you! The meliai hits you with a +0 war axe!
You block the meliai's attack.
A meliai comes into view. It is wielding a +0 war axe.
As you read the scroll labelled LEIWUAMATE, it crumbles to dust.
It is a scroll of identify.
e - 8 scrolls of teleportation You feel very sick.
The meliai hits you with a +0 war axe! The meliai misses you.
The meliai mumbles some strange prayers to its god against you.
Something smites you!
* * * LOW HITPOINT WARNING * * *
The meliai hits you with a +0 war axe.
* * * LOW HITPOINT WARNING * * *
The meliai stings you but does no damage.
You hear a bellow!
As you read the scroll of teleportation, it crumbles to dust.
You feel strangely unstable.
You feel sick.
The meliai is engulfed in blazing flames.
The meliai calls down the wrath of its god upon you.
Something smites you!
* * * LOW HITPOINT WARNING * * *
The meliai is engulfed in blazing flames.
The meliai closely misses you. You furiously retaliate!
You headbutt the meliai!
You kill the meliai!
Qazlal accepts your kill.
A yak comes into view.
Your Invocations skill increases to level 1!
It was a potion of curing.
You feel better. The meliai hits you with a +0 war axe!
* * * LOW HITPOINT WARNING * * *
You block the meliai's attack. The meliai closely misses you.
The meliai stings you but does no damage.
You block the meliai's attack. The meliai stings you.
You die...

####...####...#
††.....................>
####....................
........###...##........
.....(...##...##)..Y.Y
#######..##...##...Y.
######..##... #☼○.#
#..[....##...##○y######
#.#####.##...#.@y......
#.# #.##...#.########
##.# #.##.....# ...#
#.##....## ####
#.#####.# # #.# #...#
### #.###.###
..######.....#
..........####


You could see 3 yaks and 2 meliai.

Vanquished Creatures
  Pikel (D:5)
  A meliai (D:9)
  A troll (D:9)
  Grinder (D:5)
  Prince Ribbit (D:6)
  Sigmund (D:3)
  5 yaks (D:9)
  Menkaure (D:5)
  Duvessa (D:6)
  A water moccasin (D:5)
  An ice beast (D:7)
  An orc warrior (D:8)
  2 black bears
  A sky beast (D:8)
  5 ogres
  A lemure (D:5)
  4 centaurs
  3 bullfrogs
  A gnoll sergeant (D:8)
  2 scorpions
  7 wights (D:7)
  Dowan (D:6)
  3 killer bees (D:7)
  4 howler monkeys
  A bombardier beetle (D:5)
  4 orc priests
  5 hounds
  A gnoll bouda (D:5)
  3 jellies
  3 iguanas
  6 orc wizards
  Ijyb (D:5)
  3 gnolls (D:8)
  6 adders
  A shadow imp (D:7)
  2 ufetubi (D:6)
  A dart slug (D:2)
  3 ribbon worms
  32 orcs
  5 ball pythons
  2 endoplasms
  A giant cockroach (D:4)
  3 goblins
  3 hobgoblins
  3 jackals (D:3)
  4 kobolds
  6 quokkas
  2 bats
  2 frilled lizards
  4 rats
157 creatures vanquished.

Notes
Turn   | Place    | Note
-------+----------+-------------------------------------------
     0 | D:1      | Bobbunny the Minotaur Fighter began the quest for the Orb.
     0 | D:1      | Reached XP level 1. HP: 19/19 MP: 0/0
   259 | D:1      | Found a faded altar of an unknown god.
   332 | D:1      | Reached skill level 4 in Fighting
   351 | D:1      | Reached XP level 2. HP: 26/27 MP: 1/1
   983 | D:2      | Found the +6 shillelagh "Devastator" {shatter}
  1113 | D:2      | Found a stormy altar of Qazlal.
  1171 | D:2      | Became a worshipper of Qazlal Stormbringer
  1301 | D:2      | Reached XP level 3. HP: 34/34 MP: 2/2
  1436 | D:3      | Reached skill level 5 in Fighting
  1436 | D:3      | Reached XP level 4. HP: 42/42 MP: 3/3
  1606 | D:3      | Noticed an ogre
  1609 | D:3      | Killed an ogre
  1610 | D:3      | Reached skill level 5 in Axes
  1610 | D:3      | Reached XP level 5. HP: 50/50 MP: 4/4
  1665 | D:3      | Reached * piety under Qazlal
  1668 | D:3      | Reached skill level 6 in Fighting
  1668 | D:3      | Reached skill level 1 in Maces & Flails
  1816 | D:3      | Noticed Sigmund
  1820 | D:3      | Killed Sigmund
  1821 | D:3      | Reached XP level 6. HP: 58/58 MP: 5/5
  1832 | D:3      | Reached skill level 7 in Fighting
  2824 | D:5      | Entered Level 5 of the Dungeon
  2828 | D:5      | Reached skill level 1 in Throwing
  2828 | D:5      | Reached XP level 7. HP: 66/66 MP: 6/6
  2871 | D:5      | Noticed Menkaure
  2876 | D:5      | Killed Menkaure
  3009 | D:5      | Found Muixkuerphy's Armour Emporium.
  3079 | D:5      | Noticed Pikel
  3081 | D:5      | Reached skill level 5 in Maces & Flails
  3082 | D:5      | Reached ** piety under Qazlal
  3085 | D:5      | Reached skill level 8 in Fighting
  3085 | D:5      | Killed Pikel
  3085 | D:5      | Noticed Grinder
  3086 | D:5      | Reached XP level 8. HP: 77/77 MP: 7/7
  3093 | D:5      | Killed Grinder
  3094 | D:5      | Reached skill level 9 in Fighting
  3300 | D:5      | Reached skill level 5 in Throwing
  3346 | D:5      | Noticed Ijyb
  3354 | D:5      | Killed Ijyb
  3355 | D:5      | Reached XP level 9. HP: 58/84 MP: 8/8
  3974 | D:6      | Found a radiant altar of Vehumet.
  4065 | D:6      | Noticed Dowan
  4065 | D:6      | Noticed Duvessa
  4073 | D:6      | Killed Dowan
  4074 | D:6      | Killed Duvessa
  4075 | D:6      | Reached skill level 10 in Fighting
  4168 | D:6      | Found a sacrificial altar of Ru.
  4168 | D:6      | Noticed Prince Ribbit
  4176 | D:6      | Killed Prince Ribbit
  4621 | D:7      | Found a staircase to the Ecumenical Temple.
  4707 | D:7      | Reached skill level 11 in Fighting
  4708 | D:7      | Reached *** piety under Qazlal
  5002 | D:7      | Found a shimmering blue altar of Sif Muna.
  5058 | D:7      | Found a broken altar of Ashenzari.
  5138 | D:7      | Found a bloodstained altar of Trog.
  5667 | D:8      | Reached skill level 10 in Maces & Flails
  5667 | D:8      | Reached XP level 10. HP: 96/96 MP: 9/9
  5676 | D:8      | Identified the +3 ring mail "Reseceo" {rF+ SInv}
  5741 | D:8      | Found a hazy altar of Hepliaklqana.
  6154 | D:9      | Reached skill level 12 in Fighting
  6164 | D:9      | Reached **** piety under Qazlal
  6265 | D:9      | Noticed a meliai
  6267 | D:9      | Noticed a meliai
  6269 | D:9      | Noticed a meliai
  6271 | D:9      | HP: 1/99 [meliai/divine providence (13)]
  6271 | D:9      | Killed a meliai
  6272 | D:9      | Reached skill level 1 in Invocations
  6272 | D:9      | Slain by a meliai

Illustrated notes

Levels and vault maps discovered:
D:1:      dpeg_arrival_arbitrary_c, layout_loops_ring,
          hellmonk_ecumenical_altar_run_dry
D:2:      layout_basic, basic_altar
D:3:      layout_loops_ring, uniq_sigmund
D:4:      layout_gridville
D:5:      minmay_evil_eye, layout_basic, serial_shops, shop, st_stairs_12,
          uniq_grinder, uniq_menkaure, uniq_ijyb, uniq_pikel
D:6:      layout_loops_ring, hangedman_ru_absence, vehumet_statue, uniq_duvessa,
          uniq_prince_ribbit1
D:7:      layout_layer_cave, cheibrodos_ashenzari_chains,
          mainiacjoe_overflow_catwalk, nicolae_sif_muna_little_library,
          temple_fountains, minmay_strange_pillars,
          chequers_serial_rivers_small_3
D:8:      layout_basic, nicolae_hepliaklqana_hazy_memory,
          minmay_misc_feat_four_crosses
D:9:      layout_basic, onia_ninara_dug_in_and_dangerous

Skill      XL: |  1  2  3  4  5  6  7  8  9 10 |
---------------+-------------------------------+-----
Fighting       | 4 5 6 7 8 9 11 12 | 12.6
Axes           | 3 4 5 |  5.1
Maces & Flails | 3 4 6 7 10 11 | 11.2
Throwing       | 1 3 5 6 |  6.0
Invocations    | 1 |  1.2
Armour         | |  3.6
Shields        | |  3.6

Action                     |  1- 3 |  4- 6 |  7- 9 | 10-12 || total
---------------------------+-------+-------+-------+-------++-------
  Melee: War axe           |    55 |    25 |       |       ||    80
         Headbutt          |     5 |    10 |    15 |     7 ||    37
         Shillelagh        |       |    36 |   113 |    41 ||   190
  Throw: Dart              |       |     1 |     1 |       ||     2
    Use: Scroll            |       |       |       |     2 ||     2
         Potion            |       |       |       |     1 ||     1
 Armour: Scale mail        |    21 |       |       |       ||    21
         Chain mail        |    29 |    41 |    59 |       ||   129
         Ring mail         |       |       |       |    38 ||    38
  Dodge: Dodged            |    28 |    24 |    27 |    25 ||   104
  Block: Buckler           |    14 |    11 |    28 |    18 ||    71
